[ PARTIDA AOE2 · #463312239 ]
UnrankedTurcos vs Magyars
Equipo del jugador · DERR
Equipo rival · VICT
[ ANÁLISIS DE REPETICIÓN · EXTRAÍDO DE LA PARTIDA GRABADA ]
Feudal
12:01
Castillos
24:09
Imperial
—
| APM promedio | 32.9 |
| APM pico | 62 |
| eAPM promedio | 16.3 |
| Aldeanos / militares | 46 / 34 |
Foco
⚔️ 20.0% · 🌾 80.0%
Scout Cavalry ×21 · Knight ×6 · Spearman ×4 · Camel Scout ×3
Feudal
11:35
Castillos
23:43
Imperial
—
| APM promedio | 32.1 |
| APM pico | 63 |
| eAPM promedio | 15.9 |
| Aldeanos / militares | 66 / 41 |
Foco
⚔️ 23.1% · 🌾 76.9%
Knight ×18 · Scout Cavalry ×16 · Fishing Ship ×7 · Spearman ×4 · Monk ×2 · Battering Ram ×1
Mapa de la partida
Recursos iniciales + cada clic de construcción. Líneas = muros · curvas = relieve. ◆ oro · ⬟ piedra · ● bayas · ✦ reliquia · ◌ hueco del cierre
Tu base· Abierta — flanco sin cerrar
Base de Preston· Abierta — hueco de 4t
Terreno inicial suavizado · ◌ = hueco del cierre detectado · pasá el cursor para detalles
Inputs por minuto
— Premium - - Preston
Build order — Premium
149 acciones detectadas en el replay
| 0:00 | Encolar | Villager (Male) |
| 0:01 | Encolar | Villager (Male) |
| 0:01 | Encolar | Villager (Male) |
| 0:02 | Construir | House |
| 0:04 | Construir | House |
| 0:18 | Encolar | Villager (Male) |
| 1:26 | Encolar | Villager (Male) |
| 1:48 | Construir | Lumber Camp |
| 2:11 | Encolar | Villager (Male) |
| 2:19 | Construir | House |
| 2:26 | Encolar | Villager (Male) |
| 2:49 | Encolar | Villager (Male) |
| 3:07 | Encolar | Villager (Male) |
| 3:45 | Encolar | Villager (Male) |
| 4:42 | Encolar | Villager (Male) |
| 4:42 | Encolar | Villager (Male) |
| 4:59 | Construir | House |
| 5:00 | Construir | House |
| 5:25 | Encolar | Villager (Male) |
| 5:25 | Encolar | Villager (Male) |
| 5:40 | Construir | Mill |
| 6:23 | Encolar | Villager (Male) |
| 6:24 | Encolar | Villager (Male) |
| 6:26 | Encolar | Villager (Male) |
| 7:31 | Encolar | Villager (Male) |
| 7:56 | Encolar | Villager (Male) |
| 8:05 | Encolar | Villager (Male) |
| 8:12 | Construir | House |
| 8:12 | Construir | House |
| 8:16 | Construir | House |
| 8:21 | Construir | House |
| 8:50 | Investigar | Loom |
| 9:09 | Construir | Lumber Camp |
| 9:51 | Investigar | Feudal Age |
| 10:36 | Construir | Barracks |
| 10:43 | Construir | House |
| 10:56 | Construir | Farm |
| 10:58 | Construir | Farm |
| 11:02 | Encolar | Villager (Male) |
| 11:03 | Encolar | Villager (Male) |
| 11:25 | Construir | Palisade Wall |
| 11:39 | Construir | Farm |
| 11:41 | Construir | Farm |
| 11:43 | Encolar | Villager (Male) |
| 12:01 | Edad | Edad Feudal |
| 12:06 | Construir | Stable |
| 12:15 | Construir | Palisade Wall |
| 12:16 | Construir | Palisade Wall |
| 12:36 | Investigar | Double-Bit Axe |
| 12:46 | Construir | House |
| 12:48 | Construir | House |
| 12:54 | Encolar | Villager (Male) |
| 13:01 | Encolar | Scout Cavalry |
| 13:37 | Encolar | Scout Cavalry |
| 13:45 | Encolar | Villager (Male) |
| 13:46 | Encolar | Villager (Male) |
| 13:48 | Investigar | Wheelbarrow |
| 13:54 | Construir | Farm |
| 13:56 | Construir | Farm |
| 13:56 | Construir | Farm |
| 13:57 | Construir | Farm |
| 14:01 | Construir | Farm |
| 14:04 | Encolar | Villager (Male) |
| 14:06 | Encolar | Scout Cavalry |
| 14:07 | Investigar | Bloodlines |
| 14:53 | Construir | Blacksmith |
| 14:57 | Construir | Palisade Wall |
| 15:04 | Construir | House |
| 15:08 | Investigar | Wheelbarrow |
| 15:09 | Encolar | Villager (Male) |
| 15:09 | Encolar | Villager (Male) |
| 15:24 | Construir | Farm |
| 15:50 | Encolar | Scout Cavalry |
| 16:13 | Investigar | Forging |
| 16:15 | Encolar | Scout Cavalry |
| 16:17 | Encolar | Villager (Male) |
| 16:26 | Construir | Farm |
| 16:42 | Encolar | Scout Cavalry |
| 17:07 | Encolar | Scout Cavalry |
| 17:21 | Construir | Farm |
| 17:21 | Construir | Farm |
| 17:22 | Construir | Farm |
| 17:30 | Encolar | Villager (Male) |
| 17:36 | Construir | Archery Range |
| 17:39 | Investigar | Fletching |
| 18:01 | Encolar | Villager (Male) |
| 18:12 | Construir | Market |
| 18:18 | Encolar | Scout Cavalry |
| 18:31 | Investigar | Scale Barding Armor |
| 18:31 | Investigar | Scale Barding Armor |
| 18:34 | Encolar | Villager (Male) |
| 18:52 | Encolar | Spearman |
| 18:54 | Encolar | Spearman |
| 19:03 | Encolar | Spearman |
| 19:55 | Encolar | Spearman |
| 20:06 | Encolar | Villager (Male) |
| 20:06 | Encolar | Villager (Male) |
| 20:10 | Construir | Farm |
| 20:18 | Construir | House |
| 20:21 | Construir | Palisade Wall |
| 20:22 | Encolar | Villager (Male) |
| 20:24 | Encolar | Scout Cavalry |
| 20:39 | Construir | Farm |
| 21:05 | Encolar | Villager (Male) |
| 21:29 | Investigar | Castle Age |
| 21:44 | Encolar | Villager (Male) |
| 21:48 | Encolar | Scout Cavalry |
| 21:48 | Encolar | Scout Cavalry |
| 21:52 | Construir | Stable |
| 22:03 | Encolar | Scout Cavalry |
| 22:45 | Encolar | Scout Cavalry |
| 22:46 | Encolar | Scout Cavalry |
| 22:50 | Construir | Farm |
| 23:09 | Construir | House |
| 23:12 | Construir | Palisade Wall |
| 23:16 | Construir | Palisade Wall |
| 23:18 | Construir | Palisade Wall |
| 23:30 | Encolar | Villager (Male) |
| 23:31 | Encolar | Scout Cavalry |
| 23:31 | Encolar | Scout Cavalry |
| 23:33 | Encolar | Scout Cavalry |
| 23:33 | Encolar | Scout Cavalry |
| 23:52 | Encolar | Scout Cavalry |
| 24:09 | Edad | Edad de los Castillos |
| 24:38 | Investigar | Iron Casting |
| 25:15 | Encolar | Knight |
| 25:15 | Encolar | Knight |
| 25:15 | Encolar | Knight |
| 25:29 | Encolar | Villager (Male) |
| 25:31 | Encolar | Villager (Male) |
| 25:53 | Encolar | Knight |
| 26:00 | Investigar | Horse Collar |
| 26:23 | Encolar | Villager (Male) |
| 26:23 | Encolar | Villager (Male) |
| 26:38 | Construir | Mining Camp |
| 26:44 | Encolar | Knight |
| 27:01 | Investigar | Chain Barding Armor |
| 27:04 | Encolar | Villager (Male) |
| 27:19 | Encolar | Knight |
| 27:24 | Encolar | Camel Scout |
| 27:29 | Encolar | Camel Scout |
| 27:37 | Encolar | Villager (Male) |
| 27:44 | Construir | Farm |
| 27:47 | Construir | Farm |
| 27:49 | Encolar | Villager (Male) |
| 27:57 | Construir | House |
| 28:27 | Encolar | Camel Scout |
| 28:28 | Encolar | Scout Cavalry |
| 28:40 | Encolar | Scout Cavalry |
Build order — Preston
Primeras 150 de 214 acciones detectadas
| 0:00 | Encolar | Villager (Male) |
| 0:00 | Encolar | Villager (Male) |
| 0:01 | Encolar | Villager (Male) |
| 0:01 | Encolar | Villager (Male) |
| 0:02 | Construir | House |
| 0:05 | Construir | House |
| 1:39 | Encolar | Villager (Male) |
| 1:52 | Encolar | Villager (Male) |
| 2:32 | Encolar | Villager (Male) |
| 2:52 | Encolar | Villager (Male) |
| 3:03 | Encolar | Villager (Male) |
| 3:30 | Encolar | Villager (Male) |
| 4:17 | Construir | Lumber Camp |
| 4:19 | Encolar | Villager (Male) |
| 4:33 | Encolar | Villager (Male) |
| 4:38 | Construir | House |
| 4:41 | Encolar | Villager (Male) |
| 4:47 | Encolar | Villager (Male) |
| 5:07 | Encolar | Villager (Male) |
| 5:07 | Encolar | Villager (Male) |
| 5:28 | Encolar | Villager (Male) |
| 6:08 | Encolar | Villager (Male) |
| 6:08 | Encolar | Villager (Male) |
| 6:13 | Construir | House |
| 6:34 | Encolar | Villager (Male) |
| 6:54 | Construir | Dock |
| 7:20 | Encolar | Villager (Male) |
| 7:21 | Investigar | Loom |
| 7:56 | Construir | House |
| 7:58 | Construir | House |
| 7:59 | Encolar | Fishing Ship |
| 8:05 | Encolar | Fishing Ship |
| 8:07 | Encolar | Villager (Male) |
| 8:43 | Construir | House |
| 8:50 | Encolar | Fishing Ship |
| 8:52 | Encolar | Fishing Ship |
| 9:10 | Investigar | Feudal Age |
| 9:23 | Construir | Mill |
| 9:50 | Encolar | Villager (Male) |
| 10:19 | Encolar | Villager (Male) |
| 10:19 | Encolar | Villager (Male) |
| 10:39 | Encolar | Villager (Male) |
| 10:41 | Encolar | Fishing Ship |
| 10:41 | Encolar | Fishing Ship |
| 10:53 | Encolar | Fishing Ship |
| 10:56 | Encolar | Villager (Male) |
| 11:13 | Encolar | Villager (Male) |
| 11:35 | Edad | Edad Feudal |
| 11:38 | Construir | Barracks |
| 11:47 | Investigar | Double-Bit Axe |
| 12:31 | Encolar | Villager (Male) |
| 12:43 | Encolar | Spearman |
| 12:44 | Encolar | Spearman |
| 12:50 | Encolar | Villager (Male) |
| 12:52 | Investigar | Town Watch |
| 13:03 | Construir | Stable |
| 13:06 | Encolar | Villager (Male) |
| 13:08 | Investigar | Wheelbarrow |
| 13:08 | Encolar | Villager (Male) |
| 13:09 | Encolar | Villager (Male) |
| 13:09 | Encolar | Villager (Male) |
| 13:21 | Construir | Lumber Camp |
| 13:31 | Encolar | Spearman |
| 13:40 | Encolar | Spearman |
| 13:49 | Encolar | Scout Cavalry |
| 13:49 | Encolar | Scout Cavalry |
| 13:49 | Encolar | Scout Cavalry |
| 13:50 | Encolar | Scout Cavalry |
| 14:19 | Construir | Farm |
| 14:20 | Construir | Farm |
| 14:22 | Construir | House |
| 14:23 | Construir | House |
| 14:24 | Construir | House |
| 14:40 | Encolar | Scout Cavalry |
| 14:44 | Construir | House |
| 14:48 | Construir | House |
| 14:51 | Construir | House |
| 14:58 | Construir | House |
| 15:01 | Construir | House |
| 15:03 | Construir | House |
| 15:05 | Construir | House |
| 15:06 | Construir | House |
| 15:11 | Encolar | Villager (Male) |
| 15:12 | Encolar | Scout Cavalry |
| 15:33 | Construir | Farm |
| 15:46 | Construir | Farm |
| 15:51 | Encolar | Villager (Male) |
| 15:53 | Encolar | Scout Cavalry |
| 15:54 | Encolar | Scout Cavalry |
| 15:57 | Construir | Farm |
| 15:57 | Construir | Farm |
| 16:08 | Construir | Mining Camp |
| 16:10 | Construir | Farm |
| 16:27 | Construir | Farm |
| 16:28 | Encolar | Villager (Male) |
| 16:33 | Construir | Farm |
| 16:37 | Construir | Farm |
| 16:38 | Construir | Farm |
| 16:44 | Construir | Farm |
| 16:46 | Encolar | Villager (Male) |
| 16:47 | Encolar | Villager (Male) |
| 17:06 | Encolar | Villager (Male) |
| 17:06 | Encolar | Villager (Male) |
| 17:13 | Construir | Farm |
| 17:16 | Construir | Farm |
| 17:18 | Encolar | Villager (Male) |
| 17:41 | Construir | Farm |
| 17:52 | Construir | Market |
| 18:18 | Investigar | Bloodlines |
| 18:24 | Encolar | Villager (Male) |
| 18:30 | Construir | Blacksmith |
| 18:32 | Construir | House |
| 18:33 | Construir | House |
| 18:35 | Encolar | Villager (Male) |
| 19:43 | Construir | Farm |
| 19:48 | Construir | House |
| 19:50 | Construir | House |
| 19:51 | Construir | House |
| 19:51 | Construir | House |
| 19:56 | Encolar | Villager (Male) |
| 20:25 | Construir | Watch Tower |
| 20:34 | Construir | Farm |
| 20:49 | Construir | Mill |
| 20:50 | Construir | Farm |
| 20:50 | Construir | Farm |
| 20:50 | Construir | Farm |
| 20:50 | Construir | Farm |
| 20:51 | Construir | Farm |
| 20:51 | Construir | Farm |
| 20:51 | Construir | Farm |
| 20:56 | Construir | House |
| 21:03 | Investigar | Castle Age |
| 21:32 | Investigar | Fletching |
| 21:33 | Investigar | Scale Barding Armor |
| 21:34 | Encolar | Villager (Male) |
| 21:35 | Encolar | Villager (Male) |
| 21:52 | Construir | Stable |
| 21:53 | Construir | Stable |
| 22:00 | Encolar | Villager (Male) |
| 22:02 | Encolar | Scout Cavalry |
| 22:02 | Encolar | Scout Cavalry |
| 22:08 | Investigar | Horse Collar |
| 22:35 | Encolar | Scout Cavalry |
| 22:35 | Encolar | Scout Cavalry |
| 22:47 | Investigar | Gold Mining |
| 23:43 | Edad | Edad de los Castillos |
| 23:45 | Investigar | Light Cavalry (upgrade) |
| 23:45 | Investigar | Husbandry |
| 23:46 | Encolar | Knight |
| 23:46 | Encolar | Knight |
Cronología de la partida
| 6:54 | Preston · first_building Dock |
| 10:36 | Premium · first_building Barracks |
| 11:25 | Premium · wall_segment Palisade Wall x7 |
| 11:35 | Preston · age_up feudal |
| 11:38 | Preston · first_building Barracks |
| 12:01 | Premium · age_up feudal |
| 12:06 | Premium · first_building Stable |
| 12:15 | Premium · wall_segment Palisade Wall x1 |
| 12:16 | Premium · wall_segment Palisade Wall x1 |
| 13:03 | Preston · first_building Stable |
| 14:57 | Premium · wall_segment Palisade Wall x4 |
| 17:36 | Premium · first_building Archery Range |
| 20:21 | Premium · wall_segment Palisade Wall x1 |
| 20:48 | Premium · first_market_buy 100 food |
| 20:52 | Premium · first_market_sell 100 wood |
| 21:01 | Preston · first_market_sell 100 food |
| 22:42 | Preston · first_market_buy 100 food |
| 23:12 | Premium · wall_segment Palisade Wall x1 |
| 23:16 | Premium · wall_segment Palisade Wall x1 |
| 23:18 | Premium · wall_segment Palisade Wall x1 |
| 23:43 | Preston · age_up castle |
| 24:03 | Preston · first_building Siege Workshop |
| 24:09 | Premium · age_up castle |
| 24:28 | Preston · wall_segment Palisade Wall x1 |
| 24:30 | Preston · wall_segment Palisade Wall x1 |
| 25:40 | Preston · first_building Monastery |
| 28:45 | Premium · resign |
[ ANÁLISIS IA · 1 CRÉDITO ]
¿Qué pasó realmente en esta partida?
Wolo.gg analiza cada decisión: build order, eco, micro, errores típicos por bracket. Análisis personalizado por WhatsApp o Discord en 30 segundos.
Guía civ
Turcos
Perfil
Jugador #15266450